 Dungeon Crawl Stone Soup version 0.17.1-1-g73c8601 (webtiles) character file.

126 lucasterio the Cudgeler (level 4, -1/35 HPs)
             Began as a Demonspawn Berserker on Dec 22, 2015.
             Was a Believer of Trog.
             Slain by an orc wizard
             ... wielding a +0 dagger
              (4 damage)
             ... on level 3 of the Dungeon.
             The game lasted 00:04:56 (2352 turns).

lucasterio the Cudgeler (Demonspawn Berserker)      Turns: 2352, Time: 00:04:56

Health: -1/35      AC:  4    Str: 18    XL:     4   Next: 83%
Magic:  4/4        EV: 12    Int:  9    God:    Trog [**....]
Gold:   124        SH:  0    Dex: 12    Spells: 0 memorised, 3 levels left

rFire  + . .     SeeInvis .     l - -1 whip (curse)
rCold  . . .     Clarity  .     d - +1 leather armour
rNeg   . . .     SustAt   .     (no shield)
rPois  .         Gourm    .     (no helmet)
rElec  .         Spirit   .     (no cloak)
rCorr  .         Warding  .     (no gloves)
rMut   .         Stasis   .     (no boots)
MR     .....                    (no amulet)
Stlth  +.........               (no ring)
                                (no ring)

@: exhausted, slowed, very slow, not resistant to hostile enchantments, very
unstealthy
A: claws 1, demonic guardian 1, fire resistance 1
a: Berserk, Trog's Hand, Burn Spellbooks, Renounce Religion


You were on level 3 of the Dungeon.
You worshipped Trog.
Trog was pleased with you.
You were hungry.

You visited 1 branch of the dungeon, and saw 3 of its levels.

You collected 124 gold pieces.

Inventory:

Hand Weapons
 a - a +0 mace
 l - a cursed -1 whip (weapon)
Missiles
 k - 33 stones (quivered)
Armour
 d - a +1 leather armour (worn)
Jewellery
 g - an uncursed ring of protection from cold {unknown}
Wands
 m - a wand of polymorph (0)
 n - a wand of digging (13)
Scrolls
 e - 2 scrolls of identify
Potions
 b - 2 potions of might {unknown}
 h - a potion of flight {unknown}
 o - a potion of haste
 p - a potion of magic {unknown}
Comestibles
 c - a bread ration
 f - a chunk of flesh
 i - 2 beef jerkies


   Skills:
 - Level 3.0 Fighting
 * Level 4.4 Maces & Flails
 + Level 2.9 Armour
 - Level 1.7 Dodging


You had 3 spell levels left.
You didn't know any spells.

Dungeon Overview and Level Annotations

Branches:
Dungeon (3/15)

Altars:


Innate Abilities, Weirdness & Mutations

You have sharp fingernails.
A weak demonic guardian rushes to your aid.
Your flesh is heat resistant.


Message History

You barely miss the orc wizard.
The orc wizard is lightly wounded.
Your crimson imp barely misses the orc wizard.
The orc wizard closely misses you.
You barely miss the orc wizard.
The orc wizard is lightly wounded.
Your crimson imp hits the orc wizard.
The orc wizard misses you.
Your crimson imp blinks!
You closely miss the orc wizard.
The orc wizard is lightly wounded.
The orc hits you with a whip.
* * * LOW HITPOINT WARNING * * *
The orc wizard hits you with a dagger.
* * * LOW HITPOINT WARNING * * *
You hit the orc wizard.
The orc wizard is heavily wounded.
Your crimson imp disappears in a puff of smoke!
The orc misses you. The orc barely misses you.
The orc wizard hits you with a dagger.
You die...

#...# ###...#
.#...## ..... .
#...# ... #...#
.....#oo.#
......o@.#########.
.....###...........
... #..########. #
#...#######
#.#.#.....#.#
#.#.......#.#
#.##......#.#
#.##......#.#
#.###.....#.#####


You could see an orc wizard and 2 orcs.

Vanquished Creatures
  Natasha (thrice) (D:2)
  An adder (D:3)
  A worm (D:2)
  An orc (D:3)
  4 bats
  A giant cockroach (D:2)
  4 hobgoblins
  A jackal (D:3)
  3 kobolds (D:1)
  3 giant geckos
  2 giant newts
  5 goblins
  7 rats (D:1)
36 creatures vanquished.

Vanquished Creatures (collateral kills)
  An orc priest (D:3)
  Jessica (D:2)
  A bat (D:2)
3 creatures vanquished.

Grand Total: 39 creatures vanquished

Notes
Turn   | Place    | Note
--------------------------------------------------------------
     0 | D:1      | lucasterio the Demonspawn Berserker began the quest for the Orb.
     0 | D:1      | Reached XP level 1. HP: 18/18 MP: 1/1
   410 | D:1      | Gained mutation: A weak demonic guardian rushes to your aid. [demonic ancestry]
   410 | D:1      | Reached XP level 2. HP: 16/24 MP: 2/2
  1295 | D:2      | Noticed Natasha
  1301 | D:2      | Killed Natasha
  1301 | D:2      | Gained mutation: You have sharp fingernails. [demonic ancestry]
  1301 | D:2      | Reached XP level 3. HP: 28/29 MP: 3/3
  1351 | D:2      | HP: 1/29 [hobgoblin/club (1)]
  1691 | D:2      | Noticed Natasha
  1697 | D:2      | Killed Natasha
  1724 | D:2      | Noticed Jessica
  1727 | D:2      | Noticed Natasha
  1730 | D:2      | Killed Jessica
  1730 | D:2      | Reached skill level 4 in Maces & Flails
  1730 | D:2      | Gained mutation: Your flesh is heat resistant. [demonic ancestry]
  1730 | D:2      | Reached XP level 4. HP: 32/35 MP: 4/4
  1737 | D:2      | Killed Natasha
  1913 | D:2      | Reached ** piety under Trog
  2352 | D:3      | Slain by an orc wizard

Action                   |  1- 3 |  4- 6 || total
-------------------------+-------+-------++-------
Melee: Mace              |    92 |       ||    92
       Whip              |    26 |    66 ||    92
       Unarmed           |     2 |       ||     2
Invok: Berserk           |     1 |     1 ||     2
  Use: Scroll            |       |     2 ||     2
  Eat: Chunk             |     4 |     2 ||     6
